Map: Glittering Ashes LE

Players

Rushi

  • Race: Terran Terran
  • League: Platinum

bean - Winner!

  • Race: Terran Terran
  • League: Gold

VOD

Have the link to the VOD?

Description

Time

  • Played on: Dec. 18, 2021, 12:26 p.m.
  • Length: 14:27
Show
View Real Time Build Order
Export as new Build Order

Rushi Terran 

Build Orders: 1/1/1 

Get SALT Encoding   

  12  0:00  SCV  
  13  0:12  SCV  
  14  0:18  Supply Depot  
  14  0:25  SCV  
  15  0:29  Refinery  
  15  0:43  Barracks  
  15  0:45  SCV  
  16  0:52  Refinery  
  16  0:58  SCV  
  17  1:10  SCV  
  18  1:22  Supply Depot, SCV  
  19  1:34  SCV  
  19  1:38  Factory  
  20  1:40  Marine  
  21  1:50  Bunker  
  21  1:52  SCV  
  22  1:58  Reaper  
  23  2:05  SCV  
  24  2:17  SCV  
  25  2:23  Starport  
  25  2:29  SCV  
  25  2:39  Marine  
  25  2:41  SCV, Hellion  
  29  2:53  Supply Depot  
  29  3:09  Hellion  
  31  3:16  Fusion Core, Starport Tech Lab  
  31  3:18  Orbital Command  
  31  3:22  Marine  
  32  3:32  Hellion  
  34  3:39  Engineering Bay  
  34  3:42  Marine  
  34  4:20  Marine  
  34  4:22  Weapon Refit  
  34  4:23  Hellion  
  37  4:39  SCV  
  37  4:45  Missile Turret  
  38  4:47  Missile Turret  
  38  5:06  SCV  
  39  5:32  Command Center  
  39  5:36  Command Center  
  39  5:43  Marine, SCV, Battlecruiser  
  39  5:44  Terran Infantry Weapons Level 1  
  47  5:52  Supply Depot  
  47  5:57  Factory Tech Lab  
  47  6:08  Advanced Ballistics  
  47  6:13  Marine  
  47  6:14  SCV  
  49  6:21  Starport  
  49  6:26  SCV  
  50  6:35  Infernal Pre-Igniter  
  50  6:38  SCV  
  51  6:45  Supply Depot  
  51  6:50  SCV  
  52  7:02  SCV  
  53  7:10  Marine  
  51  7:25  Supply Depot  
  51  7:26  Supply Depot  
  51  7:27  Marine  
  51  7:28  Siege Tank  
  55  7:30  SCV  
  55  7:31  SCV x2  
  58  7:42  SCV  
  58  7:43  SCV x2  
  61  7:45  Marine  
  62  8:03  Marine  
  63  8:16  SCV x3  
  66  8:21  Marine  
  67  8:28  SCV  
  68  8:39  Marine  
  61  8:56  Marine  
  61  9:01  SCV x2  
  61  9:02  SCV  
  48  9:04  Siege Tank  
  48  9:08  Battlecruiser  
  57  9:13  SCV  
  57  9:14  Marine, SCV  
  57  9:15  Starport Reactor  
  57  9:16  Factory  
  61  9:19  Refinery  
  61  9:20  Refinery  
  60  9:25  Sensor Tower  
  60  9:26  SCV x2  
  60  9:27  Factory  
  62  9:32  Marine, SCV  
  62  9:38  SCV x2  
  66  9:39  Refinery  
  66  9:42  Refinery  
  66  9:44  SCV  
  67  9:50  SCV x2  
  70  9:56  Hellion  
  71  10:10  Barracks Tech Lab  
  71  10:12  Barracks  
  71  10:15  Barracks  
  71  10:18  Hellion  
  71  10:20  Factory Tech Lab x2  
  73  10:25  Armory  
  73  10:29  Marine  
  73  10:31  SCV  
  73  10:32  SCV x2  
  77  10:43  SCV  
  77  10:44  SCV  
  77  10:45  Missile Turret  
  77  10:46  Missile Turret  
  77  10:47  Missile Turret, Marine  
  77  10:48  Planetary Fortress  
  80  10:56  SCV  
  81  11:05  Marine  
  82  11:23  Marine  
  73  11:37  SCV x2  
  75  11:40  Barracks Reactor x2, Marine  
  75  11:42  Stimpack  
  75  11:43  Thor x2  
  75  11:44  Thor  
  82  11:58  Marine  
  81  12:02  Medivac  
  77  12:16  Marine  
  72  12:26  Siege Tank  
  72  12:27  SCV, Siege Tank x2  
  72  12:28  Marine x2  
  71  12:34  Marine  
  70  12:39  SCV  
  66  12:51  SCV  
  66  12:52  Marine  
  68  13:03  SCV  
  68  13:09  Marine  
  69  13:16  SCV  
  70  13:28  SCV  
  71  13:36  Command Center  
  71  13:54  SCV  
  72  14:06  SCV  
Show
View Real Time Build Order
Export as new Build Order

bean Terran - Winner!

Build Orders: Reaper Expand 

Get SALT Encoding   

  12  0:00  SCV  
  13  0:12  SCV  
  14  0:17  Supply Depot  
  14  0:24  SCV  
  15  0:38  SCV  
  15  0:40  Barracks  
  16  0:47  Refinery  
  16  0:50  SCV  
  17  1:02  SCV  
  18  1:15  SCV  
  19  1:27  Orbital Command  
  19  1:29  Reaper  
  20  1:41  Command Center  
  20  1:54  Supply Depot  
  20  1:55  SCV  
  21  2:07  SCV  
  22  2:12  Factory  
  22  2:14  Marine  
  23  2:20  SCV  
  23  2:22  Refinery  
  24  2:32  SCV  
  25  2:44  SCV  
  26  2:48  Barracks Reactor  
  26  2:56  SCV, Command Center  
  27  3:03  Orbital Command  
  27  3:06  Factory Tech Lab  
  27  3:08  SCV  
  28  3:20  SCV  
  28  3:21  Starport  
  29  3:29  Marine x2  
  29  3:32  SCV x2  
  33  3:44  SCV  
  33  3:45  SCV  
  33  3:48  Supply Depot  
  35  3:56  SCV  
  35  3:57  SCV, Siege Tank  
  39  4:17  Marine x2  
  39  4:23  SCV x2  
  43  4:31  Supply Depot  
  43  4:33  Barracks  
  43  4:35  Barracks, SCV x2  
  43  4:36  Marine x2  
  43  4:37  Siege Tank  
  50  4:47  SCV  
  50  4:48  SCV  
  52  4:53  Orbital Command  
  52  4:54  Marine x2  
  52  4:59  SCV  
  55  5:00  SCV  
  55  5:02  Refinery  
  55  5:12  Marine x2, SCV  
  58  5:22  Barracks Tech Lab  
  57  5:28  Barracks Reactor  
  57  5:29  Marine  
  57  5:30  Marine  
  57  5:31  SCV  
  57  5:32  SCV  
  57  5:34  Refinery  
  57  5:35  Barracks, Starport Tech Lab  
  61  5:37  Starport Tech Lab  
  61  5:40  SCV  
  61  5:41  Starport  
  62  5:44  SCV  
  62  5:46  Barracks  
  62  5:48  Marine  
  62  5:49  Marine  
  65  5:52  Orbital Command  
  65  5:54  Siege Tank  
  70  6:05  Raven  
  70  6:10  SCV  
  71  6:23  Engineering Bay  
  71  6:24  Armory  
  71  6:27  Marine x5  
  71  6:28  Engineering Bay  
  71  6:29  Command Center  
  76  6:33  Starport Reactor  
  76  6:37  Stimpack  
  76  6:44  Marine  
  77  6:54  Supply Depot  
  77  7:14  Supply Depot  
  77  7:15  Marine, SCV  
  77  7:16  Marine x3, Supply Depot, SCV x2, Marauder  
  84  7:24  Terran Infantry Weapons Level 1, Terran Infantry Armor Level 1  
  84  7:26  Terran Vehicle Weapons Level 1  
  84  7:27  SCV  
  84  7:28  Barracks Tech Lab  
  85  7:35  Marine x2, SCV x2, Raven, Medivac  
  93  7:37  Marine x2, Supply Depot  
  93  7:38  Marauder  
  93  7:39  SCV  
  98  7:47  SCV  
  98  7:48  SCV  
  98  7:50  Barracks  
  99  7:51  SCV  
  99  7:53  Marine x2, Barracks  
  99  7:55  Marine  
  98  8:00  SCV  
  93  8:07  Viking x2  
  93  8:12  Marine x4  
  97  8:13  Marine  
  97  8:15  Widow Mine  
  97  8:18  Viking, SCV x3  
  106  8:20  Barracks Tech Lab  
  105  8:29  Marine  
  105  8:30  Marine x4, SCV x3  
  113  8:36  Widow Mine  
  113  8:39  Missile Turret  
  113  8:40  Barracks  
  115  8:41  Marine  
  115  8:42  SCV x3, Refinery  
  115  8:43  Viking x2  
  115  8:45  Refinery  
  115  8:47  Marine  
  124  8:50  Marine  
  124  8:52  Marine  
  124  8:53  Marine  
  124  8:54  Marine  
  124  8:55  Viking  
  124  9:20  Supply Depot  
  124  9:22  Supply Depot x2  
  124  9:23  Combat Shield  
  124  9:25  Concussive Shells  
  124  9:27  Supply Depot  
  124  9:34  Terran Infantry Weapons Level 2  
  124  9:40  Missile Turret  
  124  9:42  Viking x2, SCV, Siege Tank  
  124  9:43  Marine x4, SCV, Marauder  
  124  9:44  Supply Depot, Planetary Fortress, Marauder  
  141  9:49  Barracks Tech Lab  
  141  9:50  Barracks Reactor  
  141  9:52  Barracks Reactor  
  141  9:55  SCV x2  
  141  9:56  SCV  
  144  10:01  Marine x4  
  144  10:04  Marine  
  144  10:05  Marine  
  150  10:07  SCV  
  150  10:08  SCV x2  
  150  10:12  Ghost Academy  
  153  10:14  Siege Tank  
  153  10:18  Marine x4  
  160  10:22  Marine  
  160  10:23  Marine  
  160  10:25  Command Center  
  162  10:29  Command Center  
  162  10:36  Marine x2  
  162  10:39  Refinery  
  164  10:43  Refinery  
  164  10:44  Supply Depot  
  164  10:46  Supply Depot  
  164  10:48  Supply Depot  
  164  11:05  Marine x4  
  164  11:06  SCV, Siege Tank  
  164  11:07  Marine x3, SCV, Viking x2  
  164  11:09  Marine x4, SCV x2, Viking  
  184  11:23  Marine x4  
  188  11:27  Marine x2  
  188  11:28  Marine x2  
  188  11:40  Marine x3, Viking x2  
  195  11:54  Terran Infantry Armor Level 2  
  195  11:56  Terran Vehicle Weapons Level 2  
  195  12:06  Marine x3  
  195  12:10  Marine  
  195  12:12  Marine x3  
  195  12:13  Marine x2  
  195  12:14  Marine  
  165  12:24  Marine x3  
  165  12:25  Marine  
  165  12:28  Marine  
  165  12:29  Marine x2  
  168  12:30  Marine  
  168  12:31  Marine x2  
  168  12:32  Marine, Supply Depot  
  168  12:33  Supply Depot  
  168  12:35  Supply Depot x2, Command Center  
  172  12:42  Marine x2  
  171  12:45  Medivac x2  
  172  12:57  Marine x3  
  172  12:58  Marine x3, Marauder  
  178  12:59  Marine, Marauder  
  178  13:00  Marine x2, Command Center  
  178  13:03  Raven  
  178  13:05  Siege Tank  
  190  13:15  Marine x2  
  192  13:20  SCV  
  192  13:21  Planetary Fortress  
  193  13:27  Command Center  
  193  13:37  Siege Tank  
  196  13:53  Marine, SCV x3  
Tags
 
Add a new tag
Caveats
  • Supply blocks, unpowered buildings, or Contaminate may cause inaccurate times.
  • Supply counts are checked every 10 seconds.